Map: [ESL] Alcyone

Players

DKZJieshi (Jieshi)

  • Race: Protoss Protoss
  • League: Master
  • Spawn Location: 1:00

Spirit (souL) - Winner!

  • Race: Terran Terran
  • League: Master
  • Spawn Location: 7:00

Event: IEM Katowice 2024

VOD

Have the link to the VOD?

Description

Time

  • Played on: Dec. 8, 2023, 12:12 p.m.
  • Length: 8:55

All games in this series

Show
View Real Time Build Order
Export as new Build Order

DKZJieshi Protoss 

Build Orders: 1 Gate Expand, Double Forge, Blink Stalkers 

Get SALT Encoding   

  12  0:00  Probe  
  13  0:13  Probe  
  14  0:17  Pylon  
  14  0:25  Probe (Chrono Boost)  
  15  0:36  Gateway  
  15  0:37  Probe (Chrono Boost)  
  16  0:43  Probe (Chrono Boost)  
  16  0:45  Assimilator  
  17  0:51  Probe  
  18  1:03  Probe  
  19  1:15  Probe  
  20  1:24  Cybernetics Core  
  20  1:31  Nexus  
  20  1:36  Pylon  
  20  1:39  Probe  
  21  1:45  Assimilator  
  21  1:51  Probe  
  22  1:57  Adept (Chrono Boost)  
  22  2:00  Warp Gate  
  24  2:03  Probe  
  25  2:14  Twilight Council  
  25  2:15  Probe  
  26  2:25  Stalker  
  26  2:27  Probe  
  29  2:40  Probe  
  29  2:41  Gateway  
  30  2:46  Probe  
  30  2:47  Blink (Chrono Boost)  
  30  2:52  Probe  
  31  3:02  Probe (Chrono Boost)  
  31  3:04  Probe (Chrono Boost)  
  33  3:14  Probe (Chrono Boost)  
  33  3:15  Probe (Chrono Boost)  
  34  3:20  Probe x2 (Chrono Boost)  
  34  3:24  Robotics Facility  
  34  3:28  Probe  
  34  3:30  Probe  
  36  3:40  Probe  
  37  3:42  Probe  
  37  3:48  Stalker  
  37  3:49  Stalker  
  37  3:52  Probe  
  37  3:54  Probe  
  43  4:01  Nexus  
  42  4:03  Pylon  
  42  4:06  Probe  
  42  4:07  Probe  
  44  4:11  Observer  
  44  4:12  Pylon  
  45  4:18  Probe  
  45  4:21  Probe  
  45  4:22  Stalker  
  45  4:24  Stalker  
  51  4:32  Pylon  
  51  4:36  Observer, Probe  
  51  4:37  Probe  
  54  4:39  Charge (Chrono Boost)  
  54  4:43  Forge  
  54  4:45  Forge  
  54  4:49  Probe x2  
  56  4:56  Gateway  
  56  4:59  Gateway  
  56  5:01  Shield Battery  
  56  5:03  Probe  
  56  5:04  Probe  
  58  5:15  Probe x2  
  58  5:16  Probe  
  61  5:26  Protoss Ground Armor Level 1 (Chrono Boost), Protoss Ground Weapons Level 1 (Chrono Boost)  
  61  5:27  Probe  
  61  5:29  Probe (Chrono Boost)  
  61  5:30  Probe (Chrono Boost)  
  61  5:32  Pylon  
  63  5:36  Gateway  
  63  5:38  Immortal (Chrono Boost)  
  63  5:39  Probe (Chrono Boost)  
  63  5:41  Gateway  
  68  5:43  Pylon  
  69  5:50  Probe (Chrono Boost)  
  69  5:51  Pylon  
  69  5:52  Probe (Chrono Boost)  
  69  5:55  Gateway  
  70  5:57  Gateway  
  70  5:59  Sentry, Zealot  
  70  6:02  Photon Cannon  
  74  6:05  Pylon  
  74  6:07  Photon Cannon  
  74  6:13  Zealot  
  74  6:14  Zealot  
  74  6:16  Immortal (Chrono Boost)  
  82  6:20  Observer  
  82  6:22  Shield Battery  
  82  6:24  Pylon  
  82  6:27  Probe  
  82  6:28  Pylon  
  82  6:32  Pylon  
  79  6:37  Probe  
  79  6:39  Zealot, Probe  
  83  6:40  Zealot x2  
  83  6:45  Probe  
  88  6:50  Nexus  
  88  6:51  Observer  
  88  6:52  Zealot  
  91  6:55  Zealot  
  91  6:59  Probe  
  91  7:00  Probe x2  
  96  7:07  Zealot x4  
  104  7:21  Stalker  
  104  7:22  Zealot, Stalker  
  107  7:25  Zealot  
  107  7:29  Zealot x2  
  93  7:30  Probe  
  93  7:34  Zealot x2  
  90  7:44  Zealot x2  
  90  7:45  Zealot  
  90  7:47  Zealot  
  74  7:51  Zealot x2  
  65  8:04  Stalker x2  
  62  8:06  Zealot  
  62  8:07  Zealot  
  67  8:13  Zealot x2  
  67  8:19  Zealot  
  38  8:28  Sentry, Zealot  
Show
View Real Time Build Order
Export as new Build Order

Spirit Terran - Winner!

Build Orders: Reaper Expand 

Get SALT Encoding   

  12  0:00  SCV  
  13  0:12  SCV  
  14  0:17  Supply Depot  
  14  0:25  SCV  
  15  0:38  SCV  
  15  0:40  Barracks  
  16  0:44  Refinery  
  16  0:50  SCV  
  17  1:03  SCV  
  18  1:15  SCV  
  19  1:28  Orbital Command, Reaper  
  20  1:38  Command Center  
  20  1:48  Supply Depot  
  20  1:54  SCV  
  21  1:59  Marine  
  22  2:06  SCV  
  22  2:07  Factory  
  23  2:17  Bunker, Marine  
  23  2:18  SCV  
  23  2:22  Refinery  
  25  2:30  SCV  
  25  2:36  Barracks Reactor  
  26  2:48  SCV  
  26  2:50  Orbital Command  
  27  2:52  Hellion  
  27  2:58  Starport  
  29  3:00  SCV  
  30  3:12  SCV  
  30  3:13  Widow Mine  
  30  3:15  SCV  
  34  3:20  Marine x2  
  34  3:25  SCV  
  37  3:28  SCV  
  37  3:31  Supply Depot  
  38  3:35  Medivac, Widow Mine  
  38  3:37  SCV  
  38  3:40  SCV  
  44  3:49  Marine, SCV  
  44  3:50  Supply Depot  
  44  3:53  SCV, Marine  
  46  3:56  Factory Tech Lab  
  46  4:01  SCV  
  47  4:03  Barracks  
  47  4:05  SCV  
  47  4:09  Starport Tech Lab  
  48  4:13  SCV  
  48  4:15  Siege Tank  
  52  4:17  SCV  
  52  4:18  Barracks  
  52  4:20  Refinery  
  53  4:25  SCV  
  53  4:28  Engineering Bay  
  53  4:29  SCV, Marine  
  56  4:32  Raven  
  56  4:37  SCV  
  58  4:40  Marine  
  58  4:41  SCV  
  60  4:49  SCV  
  60  4:51  Supply Depot  
  61  4:53  SCV, Supply Depot  
  61  4:56  Terran Infantry Weapons Level 1  
  61  4:58  Factory Reactor  
  61  4:59  Barracks  
  62  5:01  Barracks  
  62  5:02  Stimpack  
  62  5:07  Refinery  
  62  5:12  Supply Depot, Marine  
  62  5:13  SCV x2  
  65  5:14  Starport Reactor  
  65  5:16  Marine x3  
  68  5:21  Combat Shield  
  68  5:25  SCV x2  
  70  5:30  Marine  
  70  5:34  Marauder, Marine  
  70  5:35  Marauder  
  76  5:37  SCV  
  76  5:38  Widow Mine x2  
  81  5:43  SCV, Supply Depot  
  81  5:44  Supply Depot  
  81  5:47  Barracks Reactor  
  81  5:48  Barracks Tech Lab  
  82  5:53  Medivac  
  82  5:56  Marauder  
  86  5:57  Supply Depot  
  86  6:04  Medivac, Marine x3  
  86  6:06  Marine, Supply Depot  
  86  6:07  Supply Depot  
  86  6:08  Widow Mine  
  86  6:11  Widow Mine  
  96  6:17  Marine  
  97  6:21  Supply Depot  
  97  6:22  Marine  
  97  6:24  Marauder, Marine  
  101  6:29  Marine  
  101  6:30  Widow Mine, Marauder  
  101  6:32  Widow Mine  
  108  6:34  Medivac  
  108  6:35  Marauder  
  112  6:40  Marine, Supply Depot  
  112  6:42  Concussive Shells  
  112  6:46  Marauder  
  115  6:49  Medivac  
  115  6:51  Widow Mine, Marauder  
  115  6:53  Widow Mine  
  123  6:56  Marauder  
  123  7:00  Marine, Supply Depot  
  126  7:01  Supply Depot  
  126  7:03  Marine  
  126  7:05  Marine  
  126  7:07  Marauder, Marine  
  131  7:12  Marine  
  130  7:18  Marine, Marauder  
  130  7:21  Marine  
  132  7:24  Marine  
  132  7:26  Marine  
  132  7:28  Marine  
  128  7:31  Marine  
  128  7:35  Medivac  
  127  7:37  Marine  
  120  7:46  Marine  
  120  7:47  Marauder  
  120  7:48  Marine  
  120  7:51  Marine  
  114  7:57  Marine  
  107  7:59  Marine  
  106  8:10  Marauder  
  108  8:17  Marauder  
  105  8:21  Missile Turret  
  105  8:23  Marine  
  102  8:27  Marauder  
  102  8:30  Marine  
  102  8:32  Marine  

Tags
 
Add a new tag
Caveats
  • Supply blocks, unpowered buildings, or Contaminate may cause inaccurate times.
  • Supply counts are checked every 10 seconds.